AoeStats
← Fran G

QS Arena

503031562Analyzed
4v4 RM · 1mo ago on Aug 30, 2026· 16m 57s· 8 players
Game mode
Random Map
Map size
Large (8 player)
Population
200
Speed
Normal
Resources
Standard
Victory
Conquest
Starting age
Dark Age
Ending age
Imperial Age
RankedLock teamsTeams togetherTeam positionsShared explorationLock speedFull tech treeHidden civsTurbo modeCheats
Victory
Defeat
🇺🇸 Khmer · United States
1062
+12
🇺🇸 Khmer · United States
1058
+12
🇺🇸 Cumans · United States
1058
+12
🇦🇷 Byzantines · Argentina
978
+16
🇺🇸 Bengalis · United States
1050
-17
🇺🇸 Tupi · United States
1009
-15
🇨🇷 Huns · Costa Rica
978
-13
🇺🇸 Romans · United States
866
-9
WorstAntagonist
8:33 Feudal Age
9:28 Double-Bit Axe
15:39 Castle Age
King of the Noobs
8:35 Feudal Age
12:37 Castle Age
11:03 Stone Mining
11:20 Horse Collar
11:51 Loom
12:20 Double-Bit Axe
Punisher1227
4:24 Loom
8:28 Feudal Age
mandalvarado
2:00 Loom
8:14 Feudal Age
10:02 Double-Bit Axe
12:55 Wheelbarrow
15:48 Castle Age
14:03 Stone Mining
14:00 Horse Collar
14:23 Gold Mining
17:34 Bloodlines
17:24 Husbandry
Homestarr
7:38 Feudal Age
10:31 Castle Age
10:13 Double-Bit Axe
17:16 Husbandry
wyrdJ
8:24 Feudal Age
9:20 Double-Bit Axe
11:07 Fletching
14:17 Horse Collar
18:07 Wheelbarrow
wordliner88
9:43 Feudal Age
13:05 Castle Age
11:32 Horse Collar
11:44 Double-Bit Axe
13:48 Wheelbarrow
14:21 Bow Saw
14:34 Heavy Plow
Fran G
8:08 Feudal Age
9:17 Loom
11:56 Castle Age
10:28 Double-Bit Axe
10:35 Horse Collar
13:06 Bow Saw
Connection lost

Rejoining the realm…

Still unreachable

The connection could not be restored.

Session expired

The server has moved on; the page needs a fresh start.